 Dungeon Crawl Stone Soup version 0.22.1-1-ga44c0e56f4 (webtiles) character file.

172 KleinerIrrer the Ruffian (level 5, 0/36 HPs)
             Began as an Octopode Fighter on Oct 28, 2018.
             Slain by an orc
             ... wielding a +1 falchion of freezing
              (1 damage)
             ... on level 3 of the Dungeon.
             The game lasted 00:02:54 (2609 turns).

KleinerIrrer the Ruffian (Octopode Fighter)         Turns: 2609, Time: 00:02:55

Health: 0/36       AC:  1    Str: 16    XL:     5   Next: 53%
Magic:  5/5        EV: 14    Int: 10    God:
Gold:   75         SH:  0    Dex: 12    Spells: 4/4 levels left

rFire    . . .     SeeInvis .     - Unarmed
rCold    . . .     Gourm    .   (no shield)
rNeg     . . .     Faith    .   (helmet restricted)
rPois    .         Spirit   .   (no amulet)
rElec    .         Reflect  .   (no ring)
rCorr    .         Harm     .   (no ring)
MR       .....                  (no ring)
Stlth    ++........             (no ring)
HPRegen  0.12/turn              (no ring)
MPRegen  0.09/turn              (no ring)
                                (no ring)
                                (no ring)

@: no status effects
A: almost no armour, stealthy swim, amphibious, 8 rings, constrict 8, camouflage
1, gelatinous body 1
a: no special abilities


You were on level 3 of the Dungeon.
You were not hungry.

You visited 1 branch of the dungeon, and saw 3 of its levels.

You collected 75 gold pieces.

Inventory:

Armour
 a - a +0 shield
Scrolls
 f - 2 scrolls of immolation {unknown}
 g - 2 scrolls of teleportation {unknown}
 i - 2 scrolls of identify {unknown}
 k - 2 scrolls of blinking {unknown}
Potions
 b - 2 potions of might
 d - 2 potions of brilliance {unknown}
 e - a potion of mutation {unknown}
 h - 2 potions of haste {unknown}
 j - a potion of lignification {unknown}
 l - 2 potions of degeneration {unknown}
 m - a potion of flight {unknown}
Comestibles
 c - 8 rations
 n - a chunk of flesh


   Skills:
 - Level 3.0 Fighting
 - Level 3.0 Dodging
 - Level 3.0 Shields
 + Level 5.6 Unarmed Combat


You had 4 spell levels left.
You didn't know any spells.
Your spell library contained the following spells:

 Spells                   Type           Power        Failure   Level  Hunger
 Confusing Touch          Hex            #.....       36%         1    ##.....
 Confuse                  Hex            #.......     75%         3    ####...
 Gell's Gravitas          Tloc           #.........   75%         3    ####...
 Petrify                  Tmut/Erth      #.......     98%         4    #####..
 Metabolic Englaciation   Hex/Ice        #.........   100%        5    ######.
 Yara's Violent Unravell  Hex/Tmut       #.........   100%        5    ######.


Dungeon Overview and Level Annotations

Branches:
Dungeon (3/15)

Altars:


Innate Abilities, Weirdness & Mutations

You cannot wear most types of armour.
You are very stealthy in the water. (Stealth+)
You are amphibious.
You can wear up to eight rings at the same time.
You can use your tentacles to constrict eight enemies at once.
Your skin changes colour to match your surroundings (Stealth+).
Your rubbery body absorbs attacks. (AC +1, EV +1)


Message History

Beogh smites you!
An orc comes into view. It is wielding a falchion of freezing.
The orc shouts!
You hear a shout!
The orc priest hits you.
You closely miss the orc priest. Your grab misses the orc priest.
The orc priest mumbles some strange prayers to Beogh against you.
Beogh smites you!
* * * LOW HITPOINT WARNING * * *
You tentacle-slap the orc priest. You grab the orc priest.
You squeeze the orc priest!
The orc priest is severely wounded.
You constrict the orc priest.
The orc priest looks encouraged for a moment.
You tentacle-slap the orc priest.
You kill the orc priest!
You closely miss the orc. Your grab misses the orc.
The orc hits you with a falchion of freezing.
* * * LOW HITPOINT WARNING * * *
The orc freezes you.
You die...

...o. #.# .....
##.##### ...
##..).... ...
..###.....### #.#
#........## # #S#
#######.## # #o# #.#
# ####o# #.# #
#..@.# ##'## #
#.#### ##...## #
#.#### ##.....###
#.##.## ##.......##
#.#...####.........#
#........'.........+
#.....####.........#
###..## ##.......##
#.## ##>....##


You could see an adder and 2 orcs.

Vanquished Creatures
  An orc priest (D:3)
  Terence (D:2)
  8 adders
  2 oozes
  2 worms (D:2)
  An orc (D:3)
  4 hobgoblins
  3 jackals (D:1)
  A quokka (D:2)
  4 ball pythons
  3 bats
  4 frilled lizards
  2 goblins
  A kobold (D:2)
  6 rats
43 creatures vanquished.

Notes
Turn   | Place    | Note
-------+----------+-------------------------------------------
     0 | D:1      | KleinerIrrer the Octopode Fighter began the quest for the
                  | Orb.
     0 | D:1      | Reached XP level 1. HP: 16/16 MP: 1/1
   226 | D:1      | Reached XP level 2. HP: 20/21 MP: 2/2
   492 | D:1      | Reached skill level 3 in Unarmed Combat
   942 | D:2      | Reached XP level 3. HP: 21/26 MP: 3/3
  1324 | D:2      | Reached skill level 4 in Unarmed Combat
  1395 | D:2      | Reached XP level 4. HP: 17/31 MP: 4/4
  1567 | D:2      | Noticed Terence
  1578 | D:2      | Killed Terence
  2064 | D:2      | Reached skill level 5 in Unarmed Combat
  2064 | D:2      | Reached XP level 5. HP: 34/36 MP: 5/5
  2609 | D:3      | HP: 1/36 [orc/falchion of freezing (5)]
  2609 | D:3      | Slain by an orc

Skill      XL: |  1  2  3  4 |
---------------+-------------+-----
Unarmed Combat | 3 4 5 |  5.6
Fighting       | |  3.0
Dodging        | |  3.0
Shields        | |  3.0

Action                   |  1- 3 |  4- 6 || total
-------------------------+-------+-------++-------
Melee: Unarmed           |    55 |    53 ||   108
       Constrict         |    13 |    12 ||    25
       Tentacles         |     7 |     9 ||    16
       Punch             |     1 |     2 ||     3
 Stab: Sleeping          |     6 |     1 ||     7
  Eat: Chunk             |     1 |     4 ||     5
Armor: Skin              |     7 |       ||     7
Dodge: Dodged            |    34 |    27 ||    61
